 Dungeon Crawl Stone Soup version 0.26-a0-712-ga5a9c9c9d0 (webtiles) character file.

Game seed: 1342868847741162317

3436 kae the Transmogrifier (level 10, -3/61 HPs)
             Began as a Tengu Transmuter on Nov 12, 2020.
             Was a Priest of Wu Jian.
             Slain by a hornet (16 damage)
             ... while paralysed by a hornet
             ... on level 8 of the Dungeon.
             The game lasted 00:06:22 (11583 turns).

kae the Transmogrifier (Tengu Transmuter)          Turns: 11583, Time: 00:06:22

Health: -3/61      AC:  5    Str: 13    XL:     10   Next: 5%
Magic:  10/14      EV:  2    Int: 19    God:    Wu Jian [***...]
Gold:   405        SH:  0    Dex: 16    Spells: 4/13 levels left

rFire    . . .     SeeInvis .     - Unarmed
rCold    . . .     Faith    .   (shield currently unavailable)
rNeg     . . .     Spirit   .   a - +1 robe
rPois    .         Reflect  .   p - +2 hat
rElec    .         Harm     .   (no cloak)
rCorr    .         Rampage  .   (gloves currently unavailable)
MR       .....                  (boots unavailable)
Stlth    +.........             (no amulet)
HPRegen  0.20/turn              (no ring)
MPRegen  0.14/turn              f - +6 ring of intelligence

@: paralysed, lethally poisoned (-3 -> -37), blade hands, flying quickly and
evasively, slowed, quick
A: beak, talons 3, able to fly
a: Stop Flying, End Transformation, Wall Jump, Serpent's Lash, Renounce Religion


You were on level 8 of the Dungeon.
You worshipped Wu Jian.
Wu Jian was most pleased with you.
You had blades for hands.
You visited 1 branch of the dungeon, and saw 9 of its levels.

You collected 405 gold pieces.

Inventory:

Armour
 a - a +1 robe (worn)
 p - a +2 hat (worn)
 x - a +0 pair of gloves (melded)
Jewellery
 b - an uncursed ring of stealth
 f - a +6 ring of intelligence (right scythe-like blade)
 t - an uncursed amulet of guardian spirit {unknown}
Wands
 o - a wand of acid (3)
 q - a wand of random effects (42)
 z - a wand of iceblast (6)
Scrolls
 c - a scroll of vulnerability
 e - a scroll of remove curse
 i - a scroll of identify
 k - 3 scrolls of teleportation
 l - 2 scrolls of enchant weapon
 r - 2 scrolls of magic mapping
 y - a scroll of amnesia
Potions
 d - 8 potions of curing
 g - 2 potions of might
 h - 2 potions of haste
 j - a potion of mutation
 m - 4 potions of lignification
 n - 3 potions of heal wounds
 s - 2 potions of resistance
 u - 2 potions of ambrosia {unknown}
 v - a potion of degeneration {unknown}
 w - 3 potions of flight {unknown}


   Skills:
 + Level 6.9 Fighting
 - Level 2.1 Dodging
 + Level 8.4 Unarmed Combat
 - Level 2.0 Spellcasting
 * Level 8.5 Transmutations


You had 4 spell levels left.
You knew the following spells:

 Your Spells              Type           Power        Failure   Level
a - Beastly Appendage     Tmut           ####..       12%         1
b - Spider Form           Tmut/Pois      ###.......   43%         3
c - Blade Hands           Tmut           ####......   54%         5

Your spell library contained the following spells:

 Spells                   Type           Power        Failure   Level
 Wereblood                Tmut           ####....     14%         2
 Freeze                   Ice            #...         58%         1
 Magic Dart               Conj           #...         58%         1
 Searing Ray              Conj           #.....       69%         2
 Ice Form                 Ice/Tmut       ###.....     71%         4
 Dazzling Flash           Conj/Hex       #.....       85%         3
 Frozen Ramparts          Ice            #.....       85%         3
 Ozocubu's Armour         Ice            #.......     85%         3
 Fulminant Prism          Conj/Hex       #.........   99%         4
 Hailstorm                Conj/Ice       #.......     99%         4
 Iskenderun's Mystic Bla  Conj/Tloc      #.......     99%         4
 Summon Ice Beast         Ice/Summ       #.......     99%         4


Dungeon Overview and Level Annotations

Branches:
Dungeon (9/15)             Temple (0/1) D:5
   Lair: D:8-11         Orc: D:9-12

Altars:
Elyvilon
Fedhas
Gozag
Kikubaaqudgha
Nemelex Xobeh
Qazlal
Ru
Sif Muna
Trog
Wu Jian
Xom
Yredelemnul
Zin
The Shining One

Shops:
D:5 :

Annotations:
D:4 2 transporters
D:6 3 runed translucent doors, bmj180's ghost, novice MiFi
D:8 exclusion: hornet


Innate Abilities, Weirdness & Mutations

You have a beak for a mouth.
You have claws for feet.
You can fly continuously.


Message History

You closely miss the hornet. Your slash misses the hornet.
The hornet misses you. x2
You hit the hornet but do no damage. The hornet stings you!!
You are poisoned.
You feel yourself slow down.
You hit the hornet. Your peck misses the hornet.
The hornet is lightly wounded.
You feel yourself speed up.
You feel sick. The hornet stings you.
You are more poisoned.
You feel yourself slow down. The hornet stings you!
You suddenly lose the ability to move!
You feel sick. The hornet stings you!
You are lethally poisoned!
You shrug off the repeated paralysis!
You feel sick. The hornet stings you.
* * * LOW HITPOINT WARNING * * *
You are more poisoned.
You shrug off the repeated paralysis!
The hornet stings you!
You die...

#.#)....#### ###
#.#........# #..
#.#..#..##.####### #.#
#...(...)........###.#
####..####.#####...)..
#..####.# #####.#
#>....<.# ####..
##.###########.....
#####@## #........##(
#(..y..# #.........#.
#.###..# #.........#.
#. ##..# #.........##
#. #...# #.......(###
#. #.#.############# #
#.##.#...........# #
#.......####.###.# #
####.##.#......#.#####


You could see a hornet.

Vanquished Creatures
  Psyche (D:9)
  A hornet (D:9)
  Eustachio (D:6)
  A water moccasin (D:7)
  An orc warrior (D:7)
  A black bear (D:8)
  An ogre (D:8)
  3 centaurs
  A big kobold (D:8)
  2 bullfrogs
  3 scorpions
  14 wights
  A bullfrog zombie (D:8)
  A centaur zombie (D:9)
  4 bullfrog skeletons
  9 orc priests
  2 centaur skeletons
  Natasha (D:4)
  3 iguanas
  4 orc wizards
  7 worker ants
  2 killer bee zombies
  A hound zombie (D:9)
  A howler monkey zombie (D:5)
  2 worker ant zombies (D:7)
  5 gnolls
  8 adders
  4 shadow imps
  2 white imps
  2 ufetubi
  4 oozes
  2 adder zombies (D:5)
  2 worms
  2 dart slugs (D:2)
  4 leopard geckos
  22 orcs
  4 bats
  6 giant cockroaches
  9 goblins
  5 hobgoblins
  2 jackals (D:1)
  17 kobolds
  3 quokkas
  2 ball pythons
  A frilled lizard (D:1)
  A jackal zombie (D:8)
  9 rats
184 creatures vanquished.

Vanquished Creatures (others)
  A wizard (D:7)
  4 fungi (D:9)
  2 plants (D:9)
7 creatures vanquished.

Grand Total: 191 creatures vanquished

Notes
Turn   | Place    | Note
-------+----------+-------------------------------------------
     0 | D:1      | kae the Tengu Transmuter began the quest for the Orb.
     0 | D:1      | Reached XP level 1. HP: 12/12 MP: 4/4
   100 | D:1      | Reached XP level 2. HP: 6/16 MP: 4/6
   556 | D:1      | Reached XP level 3. HP: 12/20 MP: 5/7
   561 | D:1      | Learned a level 3 spell: Spider Form
  1392 | D:2      | Found an ornate altar of the Wu Jian Council.
  1397 | D:2      | Became a worshipper of the Wu Jian Council
  1610 | D:2      | Found a shimmering blue altar of Sif Muna.
  1876 | D:2      | Reached XP level 4. HP: 26/26 MP: 6/8
  2370 | D:2      | Found a faded altar of an unknown god.
  2499 | D:3      | Gained mutation: You can fly continuously. [Tengu growth]
  2499 | D:3      | Reached XP level 5. HP: 30/30 MP: 7/9
  3312 | D:3      | Found a blossoming altar of Fedhas.
  3331 | D:3      | Reached * piety under Wu Jian
  3904 | D:4      | Reached XP level 6. HP: 31/36 MP: 3/10
  4364 | D:4      | Noticed Natasha
  4375 | D:4      | Killed Natasha
  4375 | D:4      | Reached skill level 5 in Unarmed Combat
  4443 | D:4      | Found a sacrificial altar of Ru.
  4446 | D:4      | Noticed an ice beast
  4447 | D:4      | Found a transporter.
  4456 | D:4      | Found a transporter.
  4556 | D:4      | Reached XP level 7. HP: 29/41 MP: 11/11
  4644 | D:4      | Found a sparkling altar of Nemelex Xobeh.
  4819 | D:5      | Entered Level 5 of the Dungeon
  4826 | D:5      | Learned a level 5 spell: Blade Hands
  4831 | D:5      | Found Bimifanab's Book Emporium.
  5538 | D:5      | Found a glowing golden altar of the Shining One.
  5559 | D:5      | Found a staircase to the Ecumenical Temple.
  5577 | D:5      | Reached skill level 5 in Transmutations
  6093 | D:6      | Found a runed translucent gate.
  6093 | D:6      | Found a runed translucent gate.
  6093 | D:6      | Found a runed translucent gate.
  6094 | D:6      | Noticed bmj180's ghost (novice MiFi)
  6377 | D:6      | Noticed Eustachio
  6397 | D:6      | Killed Eustachio
  6397 | D:6      | Reached XP level 8. HP: 43/48 MP: 9/12
  6954 | D:6      | Reached ** piety under Wu Jian
  7157 | D:6      | Reached skill level 5 in Fighting
  7622 | D:7      | Found an ancient bone altar of Kikubaaqudgha.
  8034 | D:7      | Reached XP level 9. HP: 47/54 MP: 13/13
  8488 | D:7      | Found a bloodstained altar of Trog.
  8497 | D:7      | Noticed a wizard
  8501 | D:7      | Killed a wizard
  8572 | D:7      | Found a glowing silver altar of Zin.
  8992 | D:7      | Found a basalt altar of Yredelemnul.
  9106 | D:7      | Found a white marble altar of Elyvilon.
  9443 | D:8      | Reached *** piety under Wu Jian
  9863 | D:8      | Noticed a hornet
 10349 | D:8      | Found an ancient bone altar of Kikubaaqudgha.
 10791 | D:9      | Found a stormy altar of Qazlal.
 10810 | D:9      | Found a shimmering altar of Xom.
 10814 | D:9      | Found an opulent altar of Gozag.
 11104 | D:9      | Noticed Psyche
 11112 | D:9      | Killed Psyche
 11223 | D:9      | Noticed a hornet
 11228 | D:9      | Killed a hornet
 11228 | D:9      | Reached XP level 10. HP: 47/61 MP: 3/14
 11581 | D:8      | Paralysed by a hornet for 3 turns
 11583 | D:8      | Slain by a hornet

Illustrated notes

Levels and vault maps discovered:
D:1:      dpeg_arrival_tiny_h, layout_basic
D:2:      cheibrodos_pilgrimage, layout_basic, lemuel_coloured_pillars_altar,
          marbit_many_paths, chequers_ecumenical_altar_island
D:3:      layout_rooms, nicolae_overflow_crystal_walls
D:4:      layout_loops_ring, kennysheep_mini, gammafunk_temple_overflow_arena,
          minmay_a_box_with_orc_wizards_in_it, uniq_natasha
D:5:      layout_cave_pods, tso_altar, minmay_temple_entry_statues_fountains,
          serial_shops, shop_statue
D:6:      layout_loops_corners, gammafunk_ghost_split, uniq_eustachio
D:7:      layout_loops_corners, kennysheep_ying_yang, kennysheep_mini_moat,
          basic_altar, trog_wizard
D:8:      layout_loops_cross, kennysheep_little_box
D:9:      layout_basic, nicolae_qazlal_style_of_elements,
          grunt_temple_overflow_open, dpeg_oklobed_lair, uniq_psyche

Skill      XL: |  1  2  3  4  5  6  7  8  9 |
---------------+----------------------------+-----
Transmutations | 2 3 4 5 6 8 |  8.5
Fighting       | 2 3 4 5 6 |  6.9
Unarmed Combat | 4 5 6 8 |  8.4
Dodging        | |  2.1
Spellcasting   | |  2.0

Action                   |  1- 3 |  4- 6 |  7- 9 | 10-12 || total
-------------------------+-------+-------+-------+-------++-------
Melee: Unarmed           |    76 |   113 |   362 |    12 ||   563
       Headbutt          |     5 |     7 |     2 |       ||    14
       Kick              |    15 |    24 |    86 |     4 ||   129
       Peck              |    12 |    10 |    57 |     2 ||    81
       Punch             |     2 |     2 |    12 |       ||    16
 Cast: Beastly Appendage |    22 |    14 |     7 |       ||    43
       Spider Form       |       |     3 |     4 |       ||     7
       Blade Hands       |       |       |     9 |     1 ||    10
Invok: Lunge             |     2 |    10 |    29 |     1 ||    42
       Whirlwind         |       |     2 |     1 |       ||     3
 Abil: End Transformatio |       |     1 |       |       ||     1
       Fly               |       |     1 |       |       ||     1
Evoke: Wand              |       |       |     1 |       ||     1
  Use: Potion            |       |     2 |       |       ||     2
       Scroll            |       |       |    17 |       ||    17
 Stab: Sleeping          |     7 |     5 |    13 |       ||    25
       Distracted        |       |       |     1 |       ||     1
Armor: Robe              |    10 |     6 |    30 |     1 ||    47
Dodge: Dodged            |    35 |    63 |   233 |     3 ||   334

Table legend: (Time is in decaauts)
 A = Elapsed time spent in this place.
 B = Non-inter-level travel time spent in this place.
 C = Inter-level travel time spent in this place.
 D = Time resting spent in this place.
 E = Time spent auto-exploring this place.
 F = Levels seen in this place.
 G = Mean time per level.
                   A        B        C        D        E       F      G
               +--------+--------+--------+--------+--------+-----+--------+
         Total |  11095 |  10803 |    292 |    765 |   8795 |   9 | 1232.8 |
       Dungeon |  11095 |  10803 |    292 |    765 |   8795 |   9 | 1232.8 |
               +--------+--------+--------+--------+--------+-----+--------+

Top non-repeatable levels by time:
     D:8: 1539 daAuts
     D:7: 1525 daAuts
     D:6: 1505 daAuts
     D:2: 1398 daAuts
     D:1: 1358 daAuts
     D:4: 1123 daAuts
     D:5: 1097 daAuts
     D:3: 832 daAuts
     D:9: 715 daAuts
